 Dungeon Crawl Stone Soup version 0.23-a0-449-g8e4cbf7 (webtiles) character file.

1225 galech the Chopper (level 8, 0/61 HPs)
             Began as a Demonspawn Fighter on Nov 21, 2018.
             Was a Follower of Okawaru.
             Slain by a two-headed ogre
             ... wielding a +0 dire flail
              (18 damage)
             ... on level 6 of the Dungeon.
             The game lasted 00:07:23 (5547 turns).

galech the Chopper (Demonspawn Fighter)             Turns: 5547, Time: 00:07:24

Health: 0/61       AC: 13    Str: 17    XL:     8   Next: 23%
Magic:  17/17      EV:  3    Int: 10    God:    Okawaru [*.....]
Gold:   634        SH: 17    Dex: 14    Spells: 7/7 levels left

rFire    . . .     SeeInvis +   a - +0 war axe
rCold    . . .     Gourm    .   c - +0 shield
rNeg     . . .     Faith    .   w - +0 plate armour
rPois    .         Spirit   .   (no helmet)
rElec    .         Reflect  .   (no cloak)
rCorr    .         Harm     +   (no gloves)
MR       .....                  j - +0 pair of boots
Stlth    ..........             u - amulet of harm
HPRegen  4.20/turn              p - ring of magical power
MPRegen  0.15/turn              t - ring of see invisible

@: no status effects
A: large bone plates 3, powered by death 2
a: Heroism, Renounce Religion


You were on level 6 of the Dungeon.
You worshipped Okawaru.
Okawaru was aware of your devotion.
You were not hungry.

You visited 2 branches of the dungeon, and saw 7 of its levels.
You also visited: Ossuary.

You collected 634 gold pieces.

Inventory:

Hand Weapons
 a - a +0 war axe (weapon)
Armour
 c - a +0 shield (worn)
 j - a +0 pair of boots (worn)
 w - a +0 plate armour (worn)
Jewellery
 p - a ring of magical power (left hand)
 t - a ring of see invisible (right hand)
 u - an amulet of harm (around neck)
Wands
 s - a wand of disintegration (12)
Scrolls
 b - a scroll of enchant weapon
 d - a scroll of fear
 g - 5 scrolls of identify
 h - 5 scrolls of remove curse
 k - 4 scrolls of teleportation
 r - a scroll of enchant armour {unknown}
 x - 2 scrolls of magic mapping {unknown}
Potions
 e - 4 potions of degeneration {unknown}
 i - a potion of flight {unknown}
 l - a potion of heal wounds {unknown}
 m - a potion of curing {unknown}
 n - a potion of berserk rage {unknown}
 o - a potion of resistance {unknown}
 q - a potion of haste
 v - 2 potions of might
Comestibles
 f - 10 rations
 z - 10 chunks of flesh


   Skills:
 + Level 4.6 Fighting
 + Level 6.7 Axes
 + Level 4.3 Armour
 + Level 1.0 Dodging
 + Level 0.4 Stealth
 + Level 4.6 Shields


You had 7 spell levels left.
You didn't know any spells.
Your spell library contained the following spells:

 Spells                   Type           Power        Failure   Level  Hunger
 Beastly Appendage        Tmut           #.....       100%        1    ##.....
 Sticks to Snakes         Tmut           #.......     100%        2    ###....
 Spider Form              Tmut/Pois      #.........   100%        3    ####...
 Ice Form                 Ice/Tmut       #.......     100%        4    #####..
 Blade Hands              Tmut           #.........   100%        5    ######.


Dungeon Overview and Level Annotations

Branches:
Dungeon (6/15)             Temple (1/1) D:5

Altars:
Dithmenos
Fedhas
Kikubaaqudgha
Makhleb
Okawaru
Trog
Vehumet
Wu Jian
Xom
Yredelemnul
Zin
The Shining One

Annotations:
D:3 1 runed door, Lavandula's ghost, weakling OpHu


Innate Abilities, Weirdness & Mutations

You are completely covered in large bone plates. (SH +8)
You regenerate health from kills.


Message History

* * * LOW HITPOINT WARNING * * *
You are too injured to fight recklessly!
You are too injured to fight recklessly!
You are too injured to fight recklessly!
You are too injured to fight recklessly!
You are too injured to fight recklessly!
You are too injured to fight recklessly!
You are too injured to fight recklessly!
You are too injured to fight recklessly!
You are too injured to fight recklessly!
You are too injured to fight recklessly!
You are too injured to fight recklessly!
You are too injured to fight recklessly!
You are too injured to fight recklessly!
Your shield prevents you from hitting the two-headed ogre.
The two-headed ogre is heavily wounded.
The two-headed ogre hits you with a +0 dire flail.
* * * LOW HITPOINT WARNING * * *
The two-headed ogre hits you with a +0 giant spiked club!
You die...

#.....###.#
.# .......#
#.##.#
#########
#..#.#
##.#.#
#####.#.#
#.......#
#.####.##
#..# ##@#
#O[......
.#.......
.. .......
... #...%..
.... ......
##...
...... #...
.>.%..


You could see a two-headed ogre.

Vanquished Creatures
  An orc warrior (D:6)
  An ice beast (D:5)
  3 ogres
  2 bullfrogs (D:5)
  A scorpion (D:5)
  A centaur zombie (Ossuary)
  A human zombie (Ossuary)
  A hound (D:6)
  An orc priest (D:6)
  2 jellies
  An orc wizard (D:6)
  A bullfrog skeleton (D:5)
  Ijyb (D:5)
  3 worker ants
  3 big kobold zombies (Ossuary)
  2 mummies (Ossuary)
  A worker ant zombie (D:5)
  A howler monkey skeleton (D:6)
  9 adders
  An ooze (D:2)
  An adder zombie (D:5)
  2 worms
  A dart slug (D:1)
  3 leopard geckos
  7 orcs
  3 ball pythons
  6 bats
  6 giant cockroaches
  3 gnoll zombies (Ossuary)
  6 hobgoblins
  17 jackals
  4 quokkas
  3 frilled lizards
  3 goblins
  3 hobgoblin zombies (Ossuary)
  6 kobolds
  3 orc zombies (Ossuary)
  4 rats
118 creatures vanquished.

Notes
Turn   | Place    | Note
-------+----------+-------------------------------------------
     0 | D:1      | galech the Demonspawn Fighter began the quest for the Orb.
     0 | D:1      | Reached XP level 1. HP: 18/18 MP: 1/1
   351 | D:1      | Gained mutation: You regenerate a little health from kills.
                  | [demonic ancestry]
   351 | D:1      | Reached XP level 2. HP: 24/24 MP: 2/2
   516 | D:1      | Reached skill level 2 in Axes
  1008 | D:2      | Gained mutation: You are partially covered in large bone
                  | plates. (SH +4) [demonic ancestry]
  1008 | D:2      | Reached XP level 3. HP: 25/29 MP: 3/3
  1417 | D:2      | Reached XP level 4. HP: 29/35 MP: 4/4
  1594 | D:2      | Reached skill level 3 in Axes
  1917 | D:3      | Found a runed door.
  2033 | D:3      | Found a blossoming altar of Fedhas.
  2167 | D:3      | Found a glowing silver altar of Zin.
  2167 | D:3      | Noticed an angel
  2168 | D:3      | Found a shimmering altar of Xom.
  2768 | D:3      | Noticed Lavandula's ghost (weakling OpHu)
  3141 | D:4      | Reached XP level 5. HP: 29/41 MP: 5/5
  3160 | D:4      | Noticed an ogre
  3175 | D:4      | Killed an ogre
  3328 | D:4      | Found a sand-covered staircase.
  3440 | Ossuary  | Entered an ossuary
  3508 | Ossuary  | Reached skill level 4 in Axes
  3508 | Ossuary  | Gained mutation: You are mostly covered in large bone
                  | plates. (SH +6) [demonic ancestry]
  3508 | Ossuary  | Reached XP level 6. HP: 47/48 MP: 6/6
  4292 | D:5      | Entered Level 5 of the Dungeon
  4308 | D:5      | Found a staircase to the Ecumenical Temple.
  4308 | D:5      | Noticed Ijyb
  4318 | D:5      | Killed Ijyb
  4509 | D:5      | Gained mutation: You are completely covered in large bone
                  | plates. (SH +8) [demonic ancestry]
  4509 | D:5      | Reached XP level 7. HP: 51/54 MP: 7/7
  4524 | Temple   | Entered the Ecumenical Temple
  4566 | Temple   | Became a worshipper of Warmaster Okawaru
  4656 | D:5      | Reached skill level 5 in Axes
  5047 | D:5      | Reached skill level 1 in Dodging
  5228 | D:5      | Found a glowing golden altar of the Shining One.
  5399 | D:5      | Reached * piety under Okawaru
  5399 | D:5      | Reached skill level 6 in Axes
  5399 | D:5      | Gained mutation: You regenerate health from kills. [demonic
                  | ancestry]
  5399 | D:5      | Reached XP level 8. HP: 61/61 MP: 8/8
  5530 | D:6      | Noticed a two-headed ogre
  5547 | D:6      | Slain by a two-headed ogre

Vault maps used:
D:1:      dpeg_arrival_arbitrary_c
D:2:      patterned_corridor
D:3:      grunt_temple_overflow_order_and_chaos_1,
          ebering_ghost_reflecting_pool, fedhas_ov_isle_minmay
D:4:      chequers_ossuary_entry_cave, first_ration, kennysheep_boxes
D:5:      tso_altar, minmay_temple_entry_drinking_statues, uniq_ijyb
D:6:      hangedman_decor_slide_cut, kennysheep_small_square
Temple:   regret_index_temple_sphere_string
Ossuary:  minmay_ossuary_gauntlet

Skill      XL: |  1  2  3  4  5  6  7 |
---------------+----------------------+-----
Armour         | 3 4 |  4.3
Axes           | 2 3 4 6 |  6.7
Shields        | 3 4 |  4.6
Fighting       | 4 |  4.6
Dodging        | 1 |  1.0
Stealth        | |  0.4

Action                   |  1- 3 |  4- 6 |  7- 9 || total
-------------------------+-------+-------+-------++-------
Melee: War axe           |    98 |   221 |    98 ||   417
Invok: Heroism           |       |       |     1 ||     1
  Use: Potion            |     1 |     1 |       ||     2
       Scroll            |       |     4 |       ||     4
  Eat: Chunk             |     2 |     8 |     2 ||    12
       Ration            |       |       |     1 ||     1
Armor: Scale mail        |    54 |     5 |       ||    59
       Chain mail        |       |    90 |     8 ||    98
       Plate armour      |       |       |    26 ||    26
Dodge: Dodged            |    25 |    27 |    11 ||    63
Block: Shield            |    52 |   163 |    97 ||   312

Table legend:
 A = Non-vault XP
 B = Vault XP
 C = Vault XP percentage of total XP
 D = Non-vault monster count
 E = Vault monster count
 F = Vault count percentage of total count
                 A         B        C        D         E       F
            +---------+---------+-------+---------+---------+-------
      Total |    1499 |     251 |  14.3 |     101 |      17 |  14.4
            +---------+---------+-------+---------+---------+-------
        D:1 |      39 |       0 |   0.0 |      20 |       0 |   0.0
        D:2 |      77 |       0 |   0.0 |      26 |       0 |   0.0
        D:3 |      27 |       0 |   0.0 |      10 |       0 |   0.0
        D:4 |     256 |       0 |   0.0 |      12 |       0 |   0.0
        D:5 |     784 |      36 |   4.4 |      20 |       1 |   4.8
        D:6 |     316 |       0 |   0.0 |      13 |       0 |   0.0
    Ossuary |       0 |     215 | 100.0 |       0 |      16 | 100.0
            +---------+---------+-------+---------+---------+-------
